 Dungeon Crawl Stone Soup version 0.29-a0-330-g52719c12eb (webtiles) character file.

Game seed: 10407652132377733007

180 kae the Gusty (level 5, 0/44 (45) HPs)
             Began as an Ogre Air Elementalist on Apr 13, 2022.
             Slain by a necrophage (1 damage)
             ... on level 4 of the Dungeon.
             The game lasted 00:03:37 (4915 turns).

kae the Gusty (Ogre Air Elementalist)               Turns: 4915, Time: 00:03:37

HP:   0/44 (45)     AC:  4    Str: 12    XL:     5   Next: 60%
MP:   4/10          EV:  9    Int: 18    God:
Gold: 88            SH:  0    Dex:  9    Spells: 1/11 levels left

rFire   + . .      SeeInvis .   h - staff of conjuration
rCold   . . .      Faith    .   (no shield)
rNeg    . . .      Spirit   .   a - +0 robe
rPois   .          Reflect  .   (helmet restricted)
rElec   .          Harm     .   c - +0 cloak
rCorr   .          Rampage  .   (gloves unavailable)
Will    .....                   (boots unavailable)
Stlth   +.........              (no amulet)
HPRegen 0.14/turn               e - ring of protection from fire
MPRegen 0.12/turn               (no ring)

@: lightly drained
A: large, unfitting armour, tough skin 1
a: no special abilities


You were on level 4 of the Dungeon.
You visited 1 branch of the dungeon, and saw 4 of its levels.

You collected 88 gold pieces.

Inventory:

Hand Weapons
 g - a +1 short sword
Armour
 a - a +0 robe (worn)
 c - a +0 cloak (worn)
Magical Staves
 h - a staff of conjuration (weapon)
Jewellery
 e - a ring of protection from fire (left hand)
Scrolls
 d - 3 scrolls of identify
 l - 2 scrolls of immolation
Potions
 b - a potion of magic
 f - 3 potions of brilliance
 i - a potion of haste
 j - 3 potions of curing
 k - a potion of resistance
 m - a potion of might
 n - a potion of heal wounds


   Skills:
 - Level 1.7 Dodging
 - Level 1.4 Stealth
 + Level 3.7 Spellcasting
 + Level 2.4 Conjurations
 * Level 4.3 Air Magic


You had one spell level left.
You knew the following spells:

 Your Spells              Type           Power      Damage    Failure   Level
a - Shock                 Conj/Air       92%        1d8       3%          1
b - Static Discharge      Conj/Air       23%        N/A       6%          2
c - Swiftness             Air            19%        N/A       8%          3
d - Airstrike             Air            9%         N/A       26%         4

Your spell library contained the following spells:

 Spells                   Type           Power      Damage    Failure   Level
 Apportation              Tloc           6%         N/A       16%         1
 Beastly Appendage        Tmut           6%         N/A       16%         1
 Wereblood                Tmut           3%         N/A       22%         2
 Spider Form              Tmut/Pois      3%         N/A       41%         3
 Summon Guardian Golem    Hex/Summ       3%         N/A       41%         3
 Alistair's Intoxication  Tmut/Pois      2%         N/A       99%         5
 Orb of Destruction       Conj           9%         9d6       100%        7
 Spellforged Servitor     Conj/Summ      5%         N/A       100%        7


Dungeon Overview and Level Annotations

Branches:
Dungeon (4/15)
 Temple: D:4-7

Altars:
Yredelemnul


Innate Abilities, Weirdness & Mutations

You are too large for most types of armour.
You have tough skin. (AC +1)


Message History

You are struck by an arc of lightning.
The iguana is struck by an arc of lightning.
The iguana is moderately wounded.
The lightning grounds out.
The iguana is struck by an arc of lightning!
The iguana is severely wounded.
The lightning grounds out.
The phantom hits you! The iguana bites you. The phantom hits you.
The phantom blinks!
You blink.
The necrophage hits you but does no damage.
Casting: Static Discharge (safe; 6% risk of failure)
Confirm with . or Enter, or press ? or * to list all spells.
You feel a surge of power!
The necrophage is struck by an arc of lightning.
The necrophage is moderately damaged.
The jackal is struck by an arc of lightning.
You kill the jackal!
The lightning grounds out.
The necrophage barely misses you.
The phantom hits you but does no damage.
The hobgoblin completely misses you. The necrophage barely misses you.
The iguana bites you! The phantom hits you.
* * * LOW HITPOINT WARNING * * *
The hobgoblin hits you but does no damage.
Casting: Static Discharge (safe; 6% risk of failure)
Confirm with . or Enter, or press ? or * to list all spells.
You feel a surge of power!
The necrophage is struck by an arc of lightning!
The necrophage is heavily damaged.
The lightning grounds out.
The hobgoblin is struck by an arc of lightning!
You kill the hobgoblin!
The necrophage is struck by an arc of lightning.
The necrophage is lightly damaged.
The lightning grounds out.
The necrophage hits you.
* * * LOW HITPOINT WARNING * * *
The iguana closely misses you.
The phantom hits you but does no damage.
The necrophage hits you.
* * * LOW HITPOINT WARNING * * *
You feel drained.
You die...

##...##
###g..#
###...#..#
##...#####...
###..### #..
######...## ..
###..##..### #
#.<.Wnn###
#...l@.##
####.......##
#............#
#####......###
########


You could see 2 necrophages, a phantom and an iguana.

Vanquished Creatures
  A phantom (D:4)
  2 adders (D:3)
  An adder skeleton (D:2)
  2 worms (D:2)
  A dart slug (D:1)
  3 orcs (D:3)
  4 ball pythons
  4 endoplasms
  3 giant cockroaches
  3 goblins
  9 hobgoblins
  8 jackals
  5 quokkas
  A ball python skeleton (D:2)
  8 bats
  4 frilled lizards
  4 kobolds
  A quokka zombie (D:2)
  3 rats
67 creatures vanquished.

Vanquished Creatures (others)
  A fungus (D:2)
1 creature vanquished.

Grand Total: 68 creatures vanquished

Notes
Turn   | Place    | Note
-------+----------+-------------------------------------------
     0 | D:1      | kae the Ogre Air Elementalist began the quest for the Orb.
     0 | D:1      | Reached XP level 1. HP: 16/16 MP: 3/3
    82 | D:1      | Reached skill level 1 in Conjurations
   397 | D:1      | Found a faded altar of an unknown god.
   450 | D:1      | Reached XP level 2. HP: 24/24 MP: 3/5
   501 | D:1      | Reached skill level 3 in Air Magic
  1358 | D:2      | Reached XP level 3. HP: 13/31 MP: 0/7
  3306 | D:3      | Reached XP level 4. HP: 39/39 MP: 5/8
  3466 | D:3      | Identified the +3 leather armour of Vaebohi {rPois Int+4
                  | Dex-4}
  4505 | D:4      | Noticed a phantom
  4531 | D:4      | Killed a phantom
  4532 | D:4      | Reached skill level 4 in Air Magic
  4532 | D:4      | Reached XP level 5. HP: 6/45 MP: 0/10
  4795 | D:4      | Learned a level 2 spell: Static Discharge
  4799 | D:4      | Learned a level 3 spell: Swiftness
  4804 | D:4      | Learned a level 4 spell: Airstrike
  4807 | D:4      | Found a basalt altar of Yredelemnul.
  4810 | D:4      | Noticed a phantom
  4915 | D:4      | HP: 1/45 [necrophage (4)]
  4915 | D:4      | Slain by a necrophage

Illustrated notes

Levels and vault maps discovered:
D:1:      beargit_arrival_greenhouse, layout_loops_corners,
          shapermc_ecumenical_altar_starsandcircs,
          chequers_serial_rivers_micro_e
D:2:      minmay_alternating_diamond, layout_basic, serial_undead,
          serial_undead_b, serial_undead_d, serial_undead_e, serial_undead_f,
          uniq_crazy_yiuf_cottage
D:3:      layout_loops_corners
D:4:      layout_cave_pods, minmay_temple_entry_hall, minmay_ruined_shrine

Skill      XL: |  1  2  3  4 |
---------------+-------------+-----
Conjurations   | 1 2 |  2.4
Air Magic      | 3 4 |  4.3
Spellcasting   | 3 |  3.7
Dodging        | |  1.7
Stealth        | |  1.4

Action                   |  1- 3 |  4- 6 || total
-------------------------+-------+-------++-------
Melee: Unarmed           |    25 |       ||    25
       Short sword       |    30 |       ||    30
       Staff             |     5 |    25 ||    30
 Cast: Shock             |    99 |    54 ||   153
       Static Discharge  |       |     4 ||     4
  Use: Scroll            |     6 |     6 ||    12
Armor: Robe              |    46 |    23 ||    69
Dodge: Dodged            |    52 |    21 ||    73

Table legend: (Time is in decaauts)
 A = Elapsed time spent in this place.
 B = Non-inter-level travel time spent in this place.
 C = Inter-level travel time spent in this place.
 D = Time resting spent in this place.
 E = Time spent auto-exploring this place.
 F = Levels seen in this place.
 G = Mean time per level.
                   A        B        C        D        E       F      G
               +--------+--------+--------+--------+--------+-----+--------+
         Total |   4925 |   4824 |    101 |    299 |   3994 |   4 | 1231.2 |
       Dungeon |   4925 |   4824 |    101 |    299 |   3994 |   4 | 1231.2 |
               +--------+--------+--------+--------+--------+-----+--------+

Top non-repeatable levels by time:
     D:2: 1776 daAuts
     D:1: 1469 daAuts
     D:3: 1310 daAuts
     D:4: 369 daAuts
